 Dungeon Crawl Stone Soup version 0.31-a0-810-ga77100ea1a (webtiles) character file.

Game seed: 60446825446714651

10985 browni3141 the Geomancer (level 12, -9/83 HPs)
             Began as a Formicid Earth Elementalist on Sept 21, 2023.
             Was a High Priest of Cheibriados.
             Hit by a large rock thrown by a cyclops (18 damage)
             ... on level 11 of the Dungeon.
             The game lasted 00:31:21 (11459 turns).

browni3141 the Geomancer (FoEE)                    Turns: 11459, Time: 00:31:21

Health: -9/83      AC: 10    Str: 33    XL:     12   Next: 2%
Magic:  2/21       EV: 15    Int: 30    God:    Cheibriados [*****.]
Gold:   465        SH:  5    Dex: 26    Spells: 9/23 levels left

rFire   . . .        b - +3 whip (elec)
rCold   . . .        (no shield)
rNeg    . . .        H - +0 acid dragon scales
rPois   .            (helmet unavailable)
rElec   .            q - +0 cloak
rCorr   +            (no gloves)
SInv    +            d - +1 pair of boots
Will    +....        r - amulet of reflection
Stlth   ++++         y - +6 ring of strength
HPRegen 0.33/turn    (no ring)
MPRegen 0.17/turn

%: reflection
@: spiked, studying Earth Magic, very slow
A: permanent stasis, dig shafts and tunnels, antennae 3, four strong arms
a: Dig, Shaft Self, Renounce Religion, Bend Time, Temporal Distortion, Slouch,
Step From Time


You were on level 11 of the Dungeon.
You worshipped Cheibriados.
Cheibriados was extremely pleased with you.
You visited 1 branch of the dungeon, and saw 13 of its levels.
You also visited: Sewer.

You collected 569 gold pieces.
You spent 104 gold pieces at shops.

Inventory:

Hand Weapons
 a - the +10 sling of Imbalance {flame, rC++}
   (You found it on level 6 of the Dungeon)

   rC++:      It greatly protects you from cold.
 b - a +3 whip of electrocution (weapon)
Missiles
 f - 17 poisoned darts
 N - 2 throwing nets
Armour
 d - a +1 pair of boots (worn)
 i - a +0 leather armour
 l - a +0 robe
 q - a +0 cloak (worn)
 x - a +2 robe of willpower
 H - +0 acid dragon scales (worn)
Jewellery
 o - a ring of fire
 r - an amulet of reflection (around neck)
 y - a +6 ring of strength (left hand)
 I - a ring of flight
Wands
 A - a wand of roots (7)
 D - a wand of polymorph (4)
 F - a wand of digging (5)
 G - a wand of flame (4)
Scrolls
 c - a scroll of fog
 g - 4 scrolls of enchant armour
 h - a scroll of enchant weapon
 m - 3 scrolls of teleportation
 p - 2 scrolls of poison
 s - 2 scrolls of blinking
 t - 2 scrolls of immolation
 u - 4 scrolls of fear
 B - a scroll of torment
 K - a scroll of noise
 L - a scroll of identify
 M - a scroll of silence {unknown}
 O - a scroll of vulnerability {unknown}
Potions
 e - 2 potions of haste
 j - 2 potions of mutation
 k - a potion of heal wounds
 n - 3 potions of degeneration
 v - 2 potions of brilliance
 w - a potion of enlightenment
 z - 6 potions of curing
 C - a potion of cancellation {unknown}
 E - a potion of attraction {unknown}
 J - a potion of ambrosia {unknown}
 P - a potion of lignification


   Skills:
 - Level 4.0 Fighting
 - Level 4.0 Armour
 - Level 4.0 Dodging
 - Level 8.0 Stealth
 - Level 0.1 Shields
 - Level 6.0 Spellcasting
 - Level 4.0 Conjurations
 - Level 6.0 Transmutations
 + Level 14.7 Earth Magic
 - Level 8.0 Invocations
 * Level 5.0 Evocations


You had 9 spell levels left.
You knew the following spells:

 Your Spells              Type           Power      Damage    Failure   Level
a - Sandblast             Erth           100%       2d20      0%          1
b - Passwall              Tmut/Erth      52%        N/A       1%          2
c - Petrify               Tmut/Erth      63%        N/A       1%          4
d - Stone Arrow           Conj/Erth      100%       3d13      1%          3
e - Brom's Barrelling Bo  Conj/Erth      60%        2d8       1%          4

Your spell library contained the following spells:

 Spells                   Type           Power      Damage    Failure   Level
 Freeze                   Ice            36%        1d5       6%          1
 Summon Small Mammal      Summ           36%        N/A       6%          1
 Hailstorm                Conj/Ice       21%        3d6       8%          3
 Ensorcelled Hibernation  Hex/Ice        18%        N/A       9%          2
 Scorch                   Fire           18%        2d5       9%          2
 Call Canine Familiar     Summ           9%         N/A       19%         3
 Frozen Ramparts          Ice            18%        1d3       19%         3
 Summon Guardian Golem    Hex/Summ       9%         N/A       19%         3
 Tukima's Dance           Hex            9%         N/A       19%         3
 Flame Wave               Conj/Fire      21%        2d8       26%         4
 Iskenderun's Mystic Bla  Conj/Tloc      21%        2d6       26%         4
 Yara's Violent Unravell  Hex/Tmut       13%        3d7       43%         5
 Dimensional Bullseye     Hex/Tloc       4%         N/A       52%         4
 Passage of Golubria      Tloc           9%         N/A       52%         4
 Summon Cactus Giant      Summ           4%         N/A       100%        6
 Swiftness                Air            Unusable   N/A       N/A         3

Dungeon Overview and Level Annotations

Branches:
Dungeon (13/15)            Temple (0/1) D:6             Orc (0/2) D:9
  Sewer (visited)
   Lair: D:8-11      Vaults: D:13-14

Altars:
Cheibriados
Gozag
Kikubaaqudgha
Nemelex Xobeh
Ru
Vehumet
Xom
Yredelemnul
Zin

Shops:
D:10 ?

Annotations:
D:9 exclusion: two-headed ogre
D:12 exclusions: door, skeletal warrior and slime creature


Innate Abilities, Weirdness & Mutations

You cannot be hasted, slowed, berserked, paralysed or teleported.
You can dig through walls and to a lower floor.
You have a pair of large antennae on your head. (SInv)
Your four strong arms can wield two-handed weapons with a shield.


Message History

The puff of flame hits the cyclops.
The cyclops is moderately wounded.
A nearby fungus withers and dies.
Unknown command.
Aiming: Throw Flame
Press: ? - help, Shift-Dir - straight line, f/p - cyclops
Aim: a cyclops, quivering large rocks (moderately wounded, 98% to hit)
The puff of flame hits the cyclops!
The cyclops is severely wounded.
Unknown command.
Aiming: Throw Flame
Press: ? - help, Shift-Dir - straight line, f/p - cyclops
Aim: a cyclops, quivering large rocks (severely wounded, 98% to hit)
The puff of flame hits the cyclops!
The cyclops is almost dead.
Unknown command.
Aiming: Sandblast (safe; 0% risk of failure)
Press: ? - help, Q - select action, (/) - cycle Shift-Dir - straight line, f/p - cyclops
Aim: a cyclops, quivering large rocks (almost dead, 99% to hit)
The blast of sand hits the cyclops!
The cyclops is almost dead.
The manticore flicks its tail.
The volley of spikes hits you!
The barbed spikes become lodged in your body.
* * * LOW HITPOINT WARNING * * *
The manticore flicks its tail.
The volley of spikes hits you!
The barbed spikes become lodged in your body.
* * * LOW HITPOINT WARNING * * *
Unknown command.
The black bear bites you.
* * * LOW HITPOINT WARNING * * *
You block the black bear's attack. The black bear barely misses you.
You begin to dig a shaft.
You continue digging a shaft.
The black bear bites you but does no damage.
The black bear claws you.
* * * LOW HITPOINT WARNING * * *
The black bear claws you but does no damage.
The cyclops throws a large rock.
The large rock hits you!!
You die...

#............
#............
#............
#............
#............
#............
#.....†......
#...!..).....
#....@.........
#....h........
.....C.........
.....H........#
..............#
###...........#
#!..........#
...P.....>..#
.PP.......#


You could see a manticore, a cyclops and a black bear.

Vanquished Creatures
  A two-headed ogre (D:11)
  Pikel (D:5)
  An ugly thing (D:13)
  A cyclops (D:13)
  A gargoyle (D:13)
  2 trolls
  A meliai (D:11)
  2 hornets (D:10)
  3 shadows
  2 wyverns
  3 yaks (D:8)
  A vampire (D:10)
  Grum (D:10)
  A vampire mosquito (D:6)
  4 steam dragons
  Menkaure (D:5)
  Edmund (D:5)
  3 water moccasins
  3 acid dragons
  2 ice beasts
  5 orc warriors
  4 sky beasts
  5 black bears
  2 ogres
  2 wolves (D:10)
  2 phantoms
  6 centaurs
  2 kobold brigands
  6 bullfrogs
  Blork the orc (D:4)
  4 wights
  A gnoll sergeant (D:11)
  3 killer bees (D:10)
  8 howler monkeys
  6 orc priests
  A hound (D:7)
  5 jellies
  2 sleepcaps
  Jessica (D:2)
  3 iguanas
  8 orc wizards
  Robin (D:2)
  11 gnolls
  14 adders
  3 river rats (Sewer)
  3 shadow imps
  A white imp (D:6)
  4 dart slugs
  45 orcs
  19 ball pythons
  2 bats (D:2)
  2 bat zombies (D:3)
  7 endoplasms
  5 giant cockroaches
  12 goblins
  8 hobgoblins
  4 jackals (D:2)
  19 kobolds
  9 quokkas
  6 frilled lizards
  32 rats
  3 rat zombies (D:3)
  A spectral orc (D:9)
323 creatures vanquished.

Vanquished Creatures (collateral kills)
  8 boulders
8 creatures vanquished.

Vanquished Creatures (others)
  7 boulders
7 creatures vanquished.

Grand Total: 338 creatures vanquished

Notes
Turn   | Place    | Note
-------+----------+-------------------------------------------
     0 | D:1      | browni3141 the Formicid Earth Elementalist began the quest
                  | for the Orb.
     0 | D:1      | Reached XP level 1. HP: 13/13 MP: 3/3
   150 | D:1      | Reached XP level 2. HP: 20/20 MP: 1/5
   210 | D:1      | Reached skill level 4 in Earth Magic
   453 | D:1      | Reached skill level 1 in Fighting
   523 | D:1      | Reached XP level 3. HP: 20/26 MP: 6/6
   952 | D:2      | Noticed Jessica
   956 | D:2      | Killed Jessica
   957 | D:2      | Reached XP level 4. HP: 32/32 MP: 5/7
   989 | D:2      | Learned a level 2 spell: Passwall
   994 | D:2      | Learned a level 4 spell: Petrify
  1242 | D:2      | Noticed Robin
  1400 | D:2      | Reached skill level 5 in Earth Magic
  1401 | D:2      | Killed Robin
  1403 | D:2      | Reached XP level 5. HP: 32/37 MP: 6/9
  1702 | D:3      | Found an ancient bone altar of Kikubaaqudgha.
  1854 | D:3      | Found a glowing drain.
  1858 | Sewer    | Entered a sewer
  2138 | Sewer    | Reached XP level 6. HP: 38/43 MP: 8/10
  2183 | Sewer    | Learned a level 3 spell: Stone Arrow
  2242 | Sewer    | Reached skill level 6 in Earth Magic
  2245 | Sewer    | HP: 3/64 [poisoned by an adder]
  2249 | Sewer    | Reached skill level 1 in Conjurations
  2249 | Sewer    | Reached XP level 7. HP: 5/48 MP: 7/11
  2847 | D:4      | Reached skill level 5 in Transmutations
  3056 | D:4      | Identified the +0 leather armour "Apreorph" {rElec Str+3
                  | Slay-4}
  3150 | D:4      | Reached skill level 7 in Earth Magic
  3472 | D:4      | Noticed Blork the orc
  3480 | D:4      | Killed Blork the orc
  3671 | D:4      | Found a sacrificial altar of Ru.
  3762 | D:5      | Entered Level 5 of the Dungeon
  3773 | D:5      | Reached skill level 8 in Earth Magic
  3773 | D:5      | Reached XP level 8. HP: 54/54 MP: 7/12
  4028 | D:5      | Found a snail-covered altar of Cheibriados.
  4040 | D:5      | Became a worshipper of Cheibriados the Contemplative
  4072 | D:5      | Noticed Pikel
  4084 | D:5      | Killed Pikel
  4085 | D:5      | Reached skill level 9 in Earth Magic
  4085 | D:5      | Reached XP level 9. HP: 17/62 MP: 1/14
  4284 | D:5      | Found a shimmering altar of Xom.
  4414 | D:5      | Noticed Menkaure
  4419 | D:5      | Killed Menkaure
  4757 | D:5      | Noticed Edmund
  4809 | D:5      | Killed Edmund
  5119 | D:6      | Reached skill level 10 in Earth Magic
  5185 | D:6      | Found a staircase to the Ecumenical Temple.
  5280 | D:6      | Reached * piety under Cheibriados
  5352 | D:6      | Reached skill level 5 in Spellcasting
  5482 | D:6      | Identified the +10 sling of Imbalance {flame, rC++}
  5523 | D:6      | Found a sparkling altar of Nemelex Xobeh.
  5621 | D:6      | Learned a level 4 spell: Brom's Barrelling Boulder
  5709 | D:6      | Reached XP level 10. HP: 62/71 MP: 12/19
  5738 | D:6      | Reached skill level 5 in Invocations
  6156 | D:7      | Reached ** piety under Cheibriados
  6693 | D:8      | Found an opulent altar of Gozag.
  6693 | D:8      | Found a glowing silver altar of Zin.
  6808 | D:8      | Reached skill level 11 in Earth Magic
  7378 | D:8      | Reached skill level 12 in Earth Magic
  7862 | D:8      | Reached *** piety under Cheibriados
  7863 | D:8      | Reached skill level 5 in Stealth
  8175 | D:9      | Noticed a two-headed ogre
  8196 | D:9      | Found a basalt altar of Yredelemnul.
  8303 | D:9      | Reached XP level 11. HP: 77/77 MP: 16/20
  8457 | D:9      | Reached skill level 13 in Earth Magic
  8635 | D:9      | Identified the scarf of the Hippogriff {harm, Dex+2}
  8721 | D:9      | Reached **** piety under Cheibriados
  8855 | D:9      | Reached skill level 1 in Armour
  9026 | D:9      | Found a staircase to the Orcish Mines.
  9041 | D:10     | Entered Level 10 of the Dungeon
  9564 | D:10     | Found Caekoec's Magic Scroll Shoppe.
  9569 | D:10     | Bought a scroll of identify for 26 gold pieces
  9569 | D:10     | Bought a scroll of fear for 52 gold pieces
  9569 | D:10     | Bought a scroll of identify for 26 gold pieces
  9598 | D:10     | Noticed Grum
  9604 | D:10     | Killed Grum
  9920 | D:10     | Reached skill level 1 in Evocations
 10076 | D:10     | Found a radiant altar of Vehumet.
 10394 | D:11     | Noticed a purple ugly thing
 10421 | D:11     | Reached ***** piety under Cheibriados
 10425 | D:11     | You fall into a shaft and drop 2 floors!
 10705 | D:13     | Noticed a purple ugly thing
 10719 | D:13     | Killed a purple ugly thing
 10720 | D:13     | Reached skill level 14 in Earth Magic
 10985 | D:13     | Noticed a cyclops
 11000 | D:13     | Killed a cyclops
 11215 | D:12     | Noticed a skeletal warrior
 11215 | D:12     | Noticed a centaur warrior
 11263 | D:12     | Noticed a cyclops
 11393 | D:11     | Noticed a two-headed ogre
 11412 | D:11     | Killed a two-headed ogre
 11434 | D:11     | Noticed Harold
 11439 | D:11     | Harold changed into Harold the meliai
 11439 | D:11     | Noticed Harold
 11441 | D:11     | Killed Harold the meliai
 11443 | D:11     | Reached XP level 12. HP: 63/83 MP: 1/21
 11447 | D:11     | Reached skill level 5 in Evocations
 11459 | D:11     | Hit by a large rock thrown by a cyclops

Illustrated notes

Levels and vault maps discovered:
D:1:      lordsloth_arrival_two_stooges, layout_basic
D:2:      layout_rooms, uniq_jessica, uniq_robin
D:3:      layout_rooms, lemuel_zombie_altar_kikubaaqudgha, gup_sewer_entry_bowl,
          minmay_misc_feat_rows
D:4:      minmay_skewed_foursquare, layout_basic,
          mainiacjoe_overflow_concentric_impassable, chequers_avenue,
          uniq_blork_the_orc
D:5:      layout_cave_pods, lemuel_doored_altar,
          mainiacjoe_overflow_small_starburst, minmay_diced_spiral, uniq_pikel,
          uniq_edmund, uniq_menkaure
D:6:      layout_rooms, mainiacjoe_overflow_24_doors, temple_pool_b,
          minmay_manual_monolith
D:7:      layout_cave_pools, corexii_item_surrounded_by_moat
D:8:      layout_loops_corners, grunt_temple_overflow_gold_and_silver,
          special_room [special_room_orc]
D:9:      layout_loops_cross, yredelemnul_forgotten_temple_becter,
          minmay_orc_entry_temple_small, palyth_stone_intersect,
          corexii_leaking_fountain
D:10:     layout_basic, mainiacjoe_overflow_alcove_4, serial_shops, shop,
          mrwooster_statue_mirror, uniq_grum
D:11:     layout_long_grid, due_lair_maze_entry_diamond, uniq_harold
D:12:     nzn_winding_woodlands_stair_trap [nzn_winding_woodlands_5x15_crooked,
          nzn_winding_woodlands_5x15_parted,
          nzn_winding_woodlands_5x15_longhouse,
          nzn_winding_woodlands_15x15_boxy_spiral,
          nzn_winding_woodlands_5x15_cabin,
          nzn_winding_woodlands_5x15_lazy_stream,
          nzn_winding_woodlands_5x15_split_checker], layout_long_grid
D:13:     layout_stronghold

Skill      XL: |  1  2  3  4  5  6  7  8  9 10 11 12 |
---------------+-------------------------------------+-----
Earth Magic    | 4 5 6 8 9 10 12 14 | 14.7
Transmutations | 2 3 4 5 6 |  6.0
Fighting       | 1 2 4 |  4.0
Spellcasting   | 3 6 |  6.0
Conjurations   | 1 2 3 4 |  4.0
Invocations    | 3 8 |  8.0
Stealth        | 5 8 |  8.0
Armour         | 4 |  4.0
Dodging        | 4 |  4.0
Evocations     | 4 5 |  5.0
Shields        | |  0.1

Action                     |  1- 3 |  4- 6 |  7- 9 | 10-12 || total
---------------------------+-------+-------+-------+-------++-------
  Melee: Spear             |    21 |       |       |       ||    21
         Hand axe          |     5 |   109 |    30 |       ||   144
         Whip              |       |       |    30 |   165 ||   195
         Punch             |       |       |     2 |     4 ||     6
   Fire: Sling             |       |       |       |    15 ||    15
  Throw: Dart              |     4 |       |       |       ||     4
   Cast: Sandblast         |    22 |    36 |    96 |   156 ||   310
         Passwall          |       |     1 |       |       ||     1
         Stone Arrow       |       |     1 |    11 |    19 ||    31
         Petrify           |       |       |     4 |    15 ||    19
         Brom's Barrelling |       |       |       |    22 ||    22
Ability: Shaft Self        |       |       |       |     2 ||     2
  Evoke: Wand              |       |       |       |    14 ||    14
    Use: Scroll            |       |     3 |     6 |     6 ||    15
         Potion            |       |     4 |     2 |     2 ||     8
   Stab: Sleeping          |     2 |     2 |       |       ||     4
         Petrified         |       |       |     6 |    22 ||    28
         Petrifying        |       |       |     1 |     3 ||     4
 Armour: Robe              |     5 |       |    41 |    93 ||   139
         Leather armour    |     7 |   136 |    39 |       ||   182
         Skin              |       |     6 |       |       ||     6
         Acid dragon scale |       |       |       |   150 ||   150
  Dodge: Dodged            |    15 |   120 |    57 |   164 ||   356
  Block: Other             |       |    37 |    30 |    95 ||   162
         Reflection        |       |       |       |     5 ||     5

Table legend: (Time is in decaauts)
 A = Elapsed time spent in this place.
 B = Non-inter-level travel time spent in this place.
 C = Inter-level travel time spent in this place.
 D = Time resting spent in this place.
 E = Time spent auto-exploring this place.
 F = Levels seen in this place.
 G = Mean time per level.
                   A        B        C        D        E       F      G
               +--------+--------+--------+--------+--------+-----+--------+
         Total |  13933 |  13490 |    443 |    985 |   9701 |  14 |  995.2 |
       Dungeon |  13256 |  12813 |    443 |    788 |   9478 |  13 | 1019.7 |
         Sewer |    677 |    677 |      0 |    197 |    223 |   1 |  677.0 |
               +--------+--------+--------+--------+--------+-----+--------+

Top non-repeatable levels by time:
     D:8: 2130 daAuts
    D:10: 1932 daAuts
     D:5: 1417 daAuts
     D:6: 1210 daAuts
     D:4: 1143 daAuts
     D:9: 1117 daAuts
     D:1: 1039 daAuts
    D:13: 842 daAuts
     D:7: 791 daAuts
   Sewer: 677 daAuts
     D:2: 642 daAuts
     D:3: 471 daAuts
    D:12: 355 daAuts
    D:11: 159 daAuts
